 Dungeon Crawl Stone Soup version 0.29-a0-919-gd064cfad1c (webtiles) character file.

Game seed: 17360476175009394867

68 xian the Caller (level 4, -1/36 HPs)
             Began as a Naga Summoner on July 27, 2022.
             Slain by a hobgoblin (2 damage)
             ... led by Robin
             ... on level 1 of the Dungeon.
             The game lasted 00:08:37 (1766 turns).

xian the Caller (Naga Summoner)                     Turns: 1766, Time: 00:08:38

Health: -1/36      AC:  3    Str: 10    XL:     4   Next: 19%
Magic:  0/8        EV: 10    Int: 18    God:
Gold:   55         SH:  0    Dex: 11    Spells: 0/9 levels left

rFire   . . .      SeeInvis +   f - +1 dagger (elec)
rCold   . . .      Faith    .   (no shield)
rNeg    . . .      Spirit   .   a - +0 robe
rPois   +          Reflect  .   (no helmet)
rElec   .          Harm     .   m - +0 cloak
rCorr   .          Rampage  .   (no gloves)
Will    .....                   (no barding)
Stlth   ++........              (no amulet)
HPRegen 0.12/turn               j - ring of wizardry
MPRegen 0.11/turn               (no ring)

@: very slow
A: AC +1, large, see invisible, deformed body, poison resistance, slowness 2,
spit poison 1, naga tail 1
a: Spit Poison


You were on level 1 of the Dungeon.
You visited 1 branch of the dungeon, and saw 2 of its levels.

You collected 55 gold pieces.

Inventory:

Hand Weapons
 f - a +1 dagger of electrocution (weapon)
Armour
 a - a +0 robe (worn)
 m - a +0 cloak (worn)
Jewellery
 j - a ring of wizardry (left hand)
Scrolls
 d - a scroll of identify {unknown}
 g - a scroll of torment {unknown}
 k - a scroll of blinking {unknown}
 l - a scroll of teleportation {unknown}
Potions
 b - a potion of magic
 c - a potion of brilliance {unknown}
 e - a potion of attraction {unknown}
 h - 2 potions of curing {unknown}
 i - a potion of degeneration {unknown}


   Skills:
 + Level 0.2 Fighting
 + Level 0.1 Short Blades
 + Level 1.8 Dodging
 + Level 3.4 Stealth
 + Level 3.1 Spellcasting
 + Level 4.5 Summonings


You couldn't memorise any spells.
You knew the following spells:

 Your Spells              Type           Power      Damage    Failure   Level
a - Summon Small Mammal   Summ           76%        N/A       1%          1
b - Call Imp              Summ           19%        N/A       1%          2
c - Call Canine Familiar  Summ           19%        N/A       3%          3
d - Summon Guardian Gole  Hex/Summ       11%        N/A       8%          3

Your spell library contained the following spells:

 Spells                   Type           Power      Damage    Failure   Level
 Summon Lightning Spire   Summ/Air       11%        N/A       26%         4
 Blade Hands              Tmut           1%         N/A       85%         5
 Irradiate                Conj/Tmut      1%         3d12      85%         5
 Dragon Form              Tmut           1%         N/A       100%        7


Dungeon Overview and Level Annotations

Branches:
Dungeon (2/15)

Altars:
Nemelex Xobeh

Annotations:
D:1 Robin


Innate Abilities, Weirdness & Mutations

Your serpentine skin is tough. (AC +1)
You have supernaturally acute eyesight. (SInv)
Armour fits poorly on your strangely shaped body.
Your system is resistant to poisons. (rPois)
You cover ground very slowly.
You can spit poison.
You have a snake-like lower body.


Message History

You completely miss the hobgoblin.
The hobgoblin is severely wounded.
Your crimson imp disappears in a puff of smoke!
The hobgoblin hits you. The goblin barely misses you.
You closely miss the hobgoblin.
The hobgoblin is severely wounded.
The goblin no longer looks unusually strong.
Your hound barely misses the goblin.
The goblin unwields a +0 sling.
The goblin wields a +0 club.
The goblin hits you with a +0 club. The goblin hits you but does no damage.
The hobgoblin barely misses you.
You closely miss the hobgoblin.
The hobgoblin is severely wounded.
Your hound bites the goblin.
The goblin hits you with a +0 club.
Your hound barely misses the goblin.
The hobgoblin hits you. The hobgoblin closely misses you.
The goblin misses you. The goblin attacks as you move away!
The goblin hits you but does no damage.
Your hound bites the goblin.
The goblin dies!
The goblin unwields a +0 club.
The goblin wields a +0 sling.
The goblin shoots a sling bullet.
The sling bullet closely misses you. The hobgoblin hits you.
* * * LOW HITPOINT WARNING * * *
Your hound bites Robin.
There is an escape hatch in the ceiling here.
Your hound closely misses Robin.
The hobgoblin barely misses you. The hobgoblin hits you.
* * * LOW HITPOINT WARNING * * *
Robin roars a battlecry!
The goblins go into a battle-frenzy!
The adder closely misses your hound.
Your hound bites Robin.
A mysterious force pulls you upwards. The hatch slams shut behind you.
Casting: Summon Small Mammal (safe; 1% risk of failure)
Confirm with . or Enter, or press ? or * to list all spells.
A beastly little devil appears in a puff of flame.
Robin hits you with a +0 club.
* * * LOW HITPOINT WARNING * * *
The hobgoblin hits you.
* * * LOW HITPOINT WARNING * * *
The hobgoblin hits you.
You die...

.....# ###.### #.#.# # .....# #.#
#.#.# # ...### #.# ##.#.# #
#....# ##.####..#.# ##### #
#..).## #........#.# #...#####
###...# #..........# #...'..##
#...#.# #.#####5.### #...#..##
#.....# #.# #gg########'###'##
#.##### #.# #@g...#.....#<'.#.
#.# #.# ###.###.#.....###### #.##
#.# #...>...#..8..#..... ...# #.#
#.#.....#.....#..... #..## #.#
#.#######.....#.....
....######.###.#######.....'.....
#....................##'####.....
##.......[.....#####....# #.....
##.#######..##.# ###### #.....


You could see Robin, 2 hobgoblins and a friendly crimson imp (summoned).

Vanquished Creatures
  Natasha (D:2)
  A bat (D:1)
  An endoplasm (D:1)
  2 giant cockroaches (D:1)
  2 goblins
  3 hobgoblins (D:1)
  A frilled lizard (D:1)
11 creatures vanquished.

Vanquished Creatures (collateral kills)
  A dart slug (D:1)
  A ball python (D:1)
  An endoplasm (D:1)
  2 giant cockroaches (D:1)
  5 hobgoblins
  2 jackals (D:1)
  2 kobolds (D:1)
  A bat (D:2)
  6 goblins
  2 rats (D:1)
23 creatures vanquished.

Grand Total: 34 creatures vanquished

Notes
Turn   | Place    | Note
-------+----------+-------------------------------------------
     0 | D:1      | xian the Naga Summoner began the quest for the Orb.
     0 | D:1      | Reached XP level 1. HP: 15/15 MP: 3/3
   393 | D:1      | Reached XP level 2. HP: 7/22 MP: 3/5
   396 | D:1      | Learned a level 2 spell: Call Imp
  1313 | D:1      | Reached XP level 3. HP: 28/28 MP: 3/6
  1404 | D:1      | Learned a level 3 spell: Call Canine Familiar
  1635 | D:1      | Found a faded altar of an unknown god.
  1664 | D:2      | Found a sparkling altar of Nemelex Xobeh.
  1722 | D:2      | Noticed Natasha
  1730 | D:2      | Killed Natasha
  1731 | D:2      | Reached XP level 4. HP: 25/36 MP: 1/8
  1735 | D:2      | Learned a level 3 spell: Summon Guardian Golem
  1751 | D:2      | Noticed Robin
  1766 | D:1      | HP: 1/36 [hobgoblin[Robin] (6)]
  1766 | D:1      | Slain by a hobgoblin

Illustrated notes

Levels and vault maps discovered:
D:1:      evilmike_arrival_fibonacci_small, layout_loops_ring,
          hellmonk_ecumenical_altar_defaced_shrine, hangedman_decor_push,
          dreamdust_princess_corridor, nrook_mini_vaults
D:2:      layout_basic, basic_altar, lexackson_kobold_supper, uniq_robin,
          uniq_jessica, uniq_natasha, uniq_crazy_yiuf_cottage

Skill      XL: |  1  2  3 |
---------------+----------+-----
Spellcasting   | 3 |  3.1
Fighting       | |  0.2
Short Blades   | |  0.1
Dodging        | |  1.8
Stealth        | |  3.4
Summonings     | |  4.5

Action                   |  1- 3 |  4- 6 || total
-------------------------+-------+-------++-------
Melee: Unarmed           |    10 |       ||    10
       Dagger            |    30 |     7 ||    37
 Cast: Summon Small Mamm |    20 |     1 ||    21
       Call Imp          |    13 |     1 ||    14
       Call Canine Famil |     3 |     1 ||     4
 Stab: Distracted        |     1 |       ||     1
       Sleeping          |     1 |       ||     1
Armor: Robe              |     8 |     5 ||    13
Dodge: Dodged            |    35 |    14 ||    49

Table legend: (Time is in decaauts)
 A = Elapsed time spent in this place.
 B = Non-inter-level travel time spent in this place.
 C = Inter-level travel time spent in this place.
 D = Time resting spent in this place.
 E = Time spent auto-exploring this place.
 F = Levels seen in this place.
 G = Mean time per level.
                   A        B        C        D        E       F      G
               +--------+--------+--------+--------+--------+-----+--------+
         Total |   2166 |   2166 |      0 |      0 |   1417 |   2 | 1083.0 |
       Dungeon |   2166 |   2166 |      0 |      0 |   1417 |   2 | 1083.0 |
               +--------+--------+--------+--------+--------+-----+--------+

Top non-repeatable levels by time:
     D:1: 2033 daAuts
     D:2: 133 daAuts
